 Seeded DCSS version 0.31-a0-232-gb1c03b2570 (webtiles) character file.

Game seed: 13427028259722252286 (custom seed)

844 innerfire43 the Covered (level 7, -1/52 HPs)
             Began as a Demonspawn Monk on July 7, 2023.
             Was a Follower of Cheibriados.
             Engulfed by a cloud of steam (10 damage)
             ... on level 6 of the Dungeon.
             The game lasted 00:05:57 (4902 turns).

innerfire43 the Covered (Demonspawn Monk)           Turns: 4902, Time: 00:05:58

Health: -1/52      AC:  8    Str: 16    XL:     7   Next: 68%
Magic:  7/7        EV: 19    Int: 15    God:    Cheibriados [*.....]
Gold:   293        SH:  0    Dex: 18    Spells: 6/6 levels left

rFire   . . .        s - +0 war axe
rCold   . . .        d - orb {light}
rNeg    . . .        b - +0 robe
rPois   .            p - +0 helmet
rElec   .            g - +0 cloak
rCorr   .            f - +0 pair of gloves
SInv    .            (no boots)
Will    .....        (no amulet)
Stlth   +            B - +4 ring of slaying
HPRegen 0.28/turn    w - +5 ring of evasion
MPRegen 0.10/turn

%: no passive effects
@: glowing, very slow
A: thin metallic scales 1, demonic guardian 1, weakness stinger 2
a: Renounce Religion, Bend Time


You were on level 6 of the Dungeon.
You worshipped Cheibriados.
Cheibriados was aware of your devotion.
You visited 2 branches of the dungeon, and saw 7 of its levels.
You also visited: Ossuary.

You collected 293 gold pieces.

Inventory:

Hand Weapons
 a - a +0 hand axe
 s - a +0 war axe (weapon)
Armour
 b - a +0 robe (worn)
 d - an orb of light (worn)
 f - a +0 pair of gloves (worn)
 g - a +0 cloak (worn)
 p - a +0 helmet (worn)
Jewellery
 m - a +6 ring of strength
 n - a ring of willpower
 w - a +5 ring of evasion (right hand)
 B - a +4 ring of slaying (left hand)
 C - the ring of Otweirou {Will++ Int+6 Dex+4}
   (You found it on level 5 of the Dungeon)

   [ring of intelligence]

   Int:       It affects your intelligence (+6).
   Dex:       It affects your dexterity (+4).
   Will:      It greatly increases your willpower.
Scrolls
 h - 2 scrolls of revelation {unknown}
 i - 4 scrolls of teleportation {unknown}
 j - 3 scrolls of immolation {unknown}
 l - 6 scrolls of identify {unknown}
 q - a scroll of poison {unknown}
 r - 2 scrolls of enchant weapon {unknown}
 t - a scroll of amnesia {unknown}
 y - 2 scrolls of fog {unknown}
Potions
 c - a potion of ambrosia
 e - 2 potions of attraction {unknown}
 k - a potion of resistance {unknown}
 o - 3 potions of cancellation {unknown}
 u - 2 potions of heal wounds {unknown}
 v - a potion of magic {unknown}
 x - 2 potions of might {unknown}
 z - 2 potions of enlightenment {unknown}
 A - a potion of mutation {unknown}


   Skills:
 - Level 3.0 Fighting
 + Level 4.8 Axes
 * Level 5.4 Armour
 + Level 4.7 Dodging


You had 6 spell levels left.
You didn't know any spells.
Your spell library contained the following spells:

 Spells                   Type           Power      Damage    Failure   Level
 Beastly Appendage        Tmut           0%         N/A       26%         1
 Wereblood                Tmut           0%         N/A       38%         2
 Spider Form              Tmut/Pois      0%         N/A       63%         3
 Olgreb's Toxic Radiance  Pois           0%         N/A       95%         4
 Discord                  Hex            0%         N/A       100%        8
 Ignition                 Fire           0%         3d3       100%        8


Dungeon Overview and Level Annotations

Branches:
Dungeon (6/15)             Temple (1/1) D:5         Ossuary (visited)

Altars:
Ashenzari
Cheibriados
Dithmenos
Fedhas
Hepliaklqana
Makhleb
Nemelex Xobeh
Okawaru
Qazlal
Ru
Sif Muna
Trog
Uskayaw
Wu Jian
Xom
Yredelemnul

Shops:
D:1 (   D:2 :

Portals:
Abyss: D:4

Annotations:
D:4 2 transporters, innerfire43's ghost, amateur DsMo


Innate Abilities, Weirdness & Mutations

You are partially covered in thin metallic scales. (AC +2)
A weak demonic guardian rushes to your aid.
You have a tail ending in a sharp stinger.


Message History

Done exploring.
No target in view!
Done exploring.
There is an open door here.
You see here a +0 trident.
You see here a +0 trident.
Things that are here:
a +0 club; a +0 leather armour; a +0 club
There is a stone staircase leading down here.
You climb downwards.
Found 10 gold pieces and a ring mail.
There is a stone staircase leading up here.
You now have 293 gold pieces (gained 10).
Cheibriados lowers the support of your attributes as your movement quickens.
No target in view!
A steam dragon comes into view.
The steam dragon hisses angrily.
The steam dragon bites you but does no damage.
The steam dragon completely misses you.
A steam dragon is nearby!
You hit the steam dragon.
The steam dragon is moderately wounded.
The steam dragon closely misses you. The steam dragon barely misses you.
The steam dragon breathes steam at you. The ball of steam hits you!
You hear a shout!
You hear a bark!
You slash the steam dragon! You tail-slap the steam dragon.
The steam dragon is severely wounded.
You are engulfed in a cloud of scalding steam.
A demonic guardian appears!
The steam dragon breathes steam at you. The ball of steam hits you!!
* * * LOW HITPOINT WARNING * * *
You are too injured to fight recklessly!
You slash the steam dragon!
You kill the steam dragon!
Cheibriados appreciates the change of pace.
The steam dragon scales are intact enough to wear.
You are engulfed in a cloud of scalding steam.
You die...

... ##
........ #.
........ #.#
........
#..#........
#.5.#......#
#.§§#......#
#@§......#
##§.#....
##.## . #..#
##.##
######..#
##...##..#
##....##.##
##........#


You could see a friendly ufetubus (summoned).

Vanquished Creatures
  A steam dragon (D:6)
  A phantom (D:4)
  An elf zombie (Ossuary)
  A human zombie (Ossuary)
  An orc priest (D:3)
  2 hounds (D:4)
  3 jellies
  A sleepcap (D:5)
  Natasha (twice) (D:2)
  2 orc wizards (D:5)
  4 mummies (Ossuary)
  6 adders
  A shadow imp (D:5)
  3 ufetubi
  A worm (D:4)
  3 dart slugs
  9 orcs
  3 bats
  6 endoplasms
  4 giant cockroaches
  7 goblins
  3 hobgoblins
  4 quokkas
  5 ball pythons
  5 frilled lizards (D:1)
  3 gnoll zombies (Ossuary)
  A goblin zombie (Ossuary)
  2 hobgoblin zombies (Ossuary)
  14 kobolds
  2 kobold zombies (Ossuary)
  An orc zombie (Ossuary)
  7 rats
  3 rat zombies
112 creatures vanquished.

Vanquished Creatures (collateral kills)
  An ogre (D:4)
  A jelly (D:5)
  Natasha (D:2)
  2 endoplasms
  2 kobolds
7 creatures vanquished.

Grand Total: 119 creatures vanquished

Notes
Turn   | Place    | Note
-------+----------+-------------------------------------------
     0 | D:1      | innerfire43 the Demonspawn Monk began the quest for the
                  | Orb.
     0 | D:1      | Reached XP level 1. HP: 18/18 MP: 1/1
   189 | D:1      | Reached skill level 1 in Armour
   189 | D:1      | Gained mutation: You are partially covered in thin metallic
                  | scales. (AC +2) [demonic ancestry]
   189 | D:1      | Reached XP level 2. HP: 24/24 MP: 2/2
   419 | D:1      | Found Foghidol's Weapon Shoppe.
   497 | D:1      | Gained mutation: A weak demonic guardian rushes to your
                  | aid. [demonic ancestry]
   497 | D:1      | Reached XP level 3. HP: 29/29 MP: 3/3
   898 | D:2      | Noticed Natasha
   906 | D:2      | Killed Natasha
   907 | D:2      | Reached skill level 2 in Armour
   999 | D:2      | Noticed Natasha
  1009 | D:2      | HP: 1/29 [cerulean imp/+4 spear[Natasha] (7)]
  1011 | D:2      | Killed Natasha
  1012 | D:2      | Reached XP level 4. HP: 3/35 MP: 4/4
  1353 | D:2      | Noticed Natasha
  1363 | D:2      | Killed Natasha
  1614 | D:2      | Found Demuomoto's Book Emporium.
  2241 | D:3      | Reached skill level 3 in Armour
  2241 | D:3      | Reached XP level 5. HP: 16/41 MP: 5/5
  3018 | D:4      | Noticed an ogre
  3026 | D:4      | Killed an ogre
  3027 | D:4      | Gained mutation: You have a small tail. [demonic ancestry]
  3027 | D:4      | Reached XP level 6. HP: 43/47 MP: 6/6
  3109 | D:4      | Reached skill level 4 in Armour
  3202 | D:4      | Noticed a toenail golem
  3209 | D:4      | Found a transporter.
  3212 | D:4      | Found a transporter.
  3619 | D:4      | Noticed a small abomination
  3620 | D:4      | Found a one-way gate to the infinite horrors of the Abyss.
  3620 | D:4      | Noticed innerfire43's ghost (amateur DsMo)
  3719 | D:4      | Found a glowing drain.
  3792 | D:5      | Entered Level 5 of the Dungeon
  3819 | D:5      | Gained mutation: You have a tail ending in a sharp stinger.
                  | [demonic ancestry]
  3819 | D:5      | Reached XP level 7. HP: 52/52 MP: 7/7
  3973 | D:5      | Found a sand-covered staircase.
  3983 | Ossuary  | Entered an ossuary
  4006 | Ossuary  | Reached skill level 5 in Armour
  4262 | D:5      | Identified the ring of Otweirou {Will++ Int+6 Dex+4}
  4664 | D:5      | Found a staircase to the Ecumenical Temple.
  4692 | Temple   | Entered the Ecumenical Temple
  4707 | Temple   | Became a worshipper of Cheibriados the Contemplative
  4707 | Temple   | Reached * piety under Cheibriados
  4707 | Temple   | Reached ** piety under Cheibriados
  4898 | D:6      | Noticed a steam dragon
  4902 | D:6      | Killed a steam dragon
  4902 | D:6      | Engulfed by a cloud of steam

Illustrated notes

Levels and vault maps discovered:
D:1:      nzn_arrival_depleted_hourglass, layout_basic, serial_shops, shop,
          nicolae_houndstooth_variations
D:2:      layout_basic, serial_shops, nicolae_shop_getting_attention,
          uniq_natasha
D:3:      layout_basic
D:4:      minmay_angry_zag, layout_cave_pools, cheibrodos_sewer_entry_bend,
          gammafunk_ghost_abyssal_escape
D:5:      layout_basic, minmay_temple_entry_slanted, enter_ossuary_3
D:6:      layout_cave_pods, palyth_stone_intersect, uniq_menkaure
Temple:   nicolae_temple_bog_church

Skill      XL: |  1  2  3  4  5  6  7 |
---------------+----------------------+-----
Armour         | 1 2 3 4 5 |  5.4
Axes           | 3 4 |  4.8
Dodging        | 3 4 |  4.7
Fighting       | |  3.0

Action                     |  1- 3 |  4- 6 |  7- 9 || total
---------------------------+-------+-------+-------++-------
  Melee: Hand axe          |    73 |    58 |       ||   131
         War axe           |       |    85 |    66 ||   151
         Tailslap          |       |    13 |    10 ||    23
   Stab: Distracted        |     1 |       |       ||     1
 Armour: Robe              |    24 |    47 |    16 ||    87
  Dodge: Dodged            |    50 |   110 |    66 ||   226

Table legend: (Time is in decaauts)
 A = Elapsed time spent in this place.
 B = Non-inter-level travel time spent in this place.
 C = Inter-level travel time spent in this place.
 D = Time resting spent in this place.
 E = Time spent auto-exploring this place.
 F = Levels seen in this place.
 G = Mean time per level.
                   A        B        C        D        E       F      G
               +--------+--------+--------+--------+--------+-----+--------+
         Total |   5074 |   4788 |    286 |      0 |   3954 |   8 |  634.2 |
       Dungeon |   4708 |   4451 |    257 |      0 |   3725 |   6 |  784.7 |
        Temple |     86 |     57 |     29 |      0 |     31 |   1 |   86.0 |
       Ossuary |    280 |    280 |      0 |      0 |    198 |   1 |  280.0 |
               +--------+--------+--------+--------+--------+-----+--------+

Top non-repeatable levels by time:
     D:2: 1232 daAuts
     D:3: 920 daAuts
     D:1: 905 daAuts
     D:5: 814 daAuts
     D:4: 805 daAuts
 Ossuary: 280 daAuts
  Temple: 86 daAuts
     D:6: 30 daAuts
